 Dungeon Crawl Stone Soup version 0.21-a0-440-g28109cb (webtiles) character file.

7 namelastname112 the Sneak (level 1, -1/10 HPs)
             Began as a Felid Wanderer on Nov 11, 2017.
             Slain by a kobold
             ... wielding a +0 dagger
              (5 damage)
             ... on level 1 of the Dungeon.
             The game lasted 00:00:38 (91 turns).

namelastname112 the Sneak (Felid Wanderer)            Turns: 91, Time: 00:00:38

Health: -1/10      AC:  1    Str:  8    XL:     1   Next: 83%
Magic:  2/2        EV: 17    Int: 13    God:
Gold:   0          SH:  0    Dex: 15    Spells: 0/0 levels left
                                        Lives:  0   Deaths: 0

rFire    . . .     SeeInvis +     - Unarmed
rCold    . . .     Gourm    .   (shield unavailable)
rNeg     . . .     Faith    .   (armour unavailable)
rPois    .         Spirit   .   (helmet unavailable)
rElec    .         Reflect  .   (cloak unavailable)
rCorr    .         Harm     .   (gloves unavailable)
MR       .....                  (boots unavailable)
Stlth    +++.......             (no amulet)
HPRegen  0.03/turn              (no ring)
MPRegen  0.08/turn              (no ring)

@: quick
A: no armour, no weapons or thrown items, stealth, claws 1, fangs 3, see
invisible, carnivore 3, speed 1, shaggy fur 1, slow metabolism 1, sharp paws
a: no special abilities


You were on level 1 of the Dungeon.
You were not hungry.

You visited 1 branch of the dungeon, and saw 1 of its levels.

Inventory:

Scrolls
 b - 2 scrolls of teleportation
Potions
 a - a potion of berserk rage
Comestibles
 c - a meat ration


   Skills:
 + Level 3.1 Fighting
 + Level 1.7 Dodging
 + Level 4.1 Stealth
 * Level 2.2 Unarmed Combat
   Level 1.1 Evocations


You couldn't memorise any spells.
You didn't know any spells.

Dungeon Overview and Level Annotations

Branches:
Dungeon (1/15)

Altars:


Innate Abilities, Weirdness & Mutations

You cannot wear armour.
You are incapable of wielding weapons or throwing items.
Your paws allow you to move quietly. (Stealth)
You have sharp claws.
You have razor-sharp teeth.
You have supernaturally acute eyesight. (SInv)
You are carnivorous and can eat meat at any time.
You cover ground quickly.
You are covered in fur. (AC +1)
You have a slow metabolism.
Your sharp claws are effective at attacking unaware monsters.


Message History

You kill the bat!
The bat barely misses you. The bat misses you.
You miss the bat. The bat misses you.
You completely miss the bat. Your bite misses the bat.
The bat barely misses you. The bat closely misses you.
You miss the bat. You bite the bat.
You kill the bat!
The kobold shouts!
The kobold shouts!
You see here a bread ration.
The hobgoblin shouts!
The kobold closely misses you.
You closely miss the hobgoblin. You claw the hobgoblin!
You kill the hobgoblin!
You scratch the kobold.
You kill the kobold!
You barely miss the kobold. The kobold hits you with a dagger.
Ouch! That really hurt!
You die...

######### ######## #.......#
#......# #.......# #......#
#.......# #......#########
#.......# #..#...........
#......w#####.###.##.....###
#......KgKgK@....)..$......
#......g#####.####.###..#####
####....## #.# #.gg.......#
.......K.# #.# ####...)##..
...(...Kg# #.# ##.......
........g# #.# ###......
........%####.#######).......
>........g........††....###..
..........g......###.######..


You could see a dart slug, 3 goblins and 3 kobolds.

Vanquished Creatures
  2 goblins (D:1)
  A hobgoblin (D:1)
  2 bats (D:1)
  2 kobolds (D:1)
7 creatures vanquished.

Notes
Turn   | Place    | Note
-------+----------+-------------------------------------------
     0 | D:1      | namelastname112 the Felid Wanderer began the quest for the Orb.
     0 | D:1      | namelastname112 set off with: a potion of berserk rage, 2 scrolls of teleportation, a meat ration
     0 | D:1      | Reached XP level 1. HP: 10/10 MP: 2/2
    91 | D:1      | Slain by a kobold

Vault maps used:
D:1:      minmay_arrival_stone_box

Action                   || total
-------------------------++-------
Melee: Unarmed           ||    14
       Bite              ||     1
Armor: Skin              ||     7
Dodge: Dodged            ||    32

Table legend:
 A = Spawn XP
 B = Non-spawn XP
 C = Spawn XP percentage of total XP
 D = Spawn monster count
 E = Non-spawn monster count
 F = Spawn count percentage of total count
 G = Total turns spent on level
                    A         B        C        D         E        F      G
               +---------+---------+-------+---------+---------+-------+---------
         Total |       0 |      10 |   0.0 |       0 |       7 |   0.0 |    91
               +---------+---------+-------+---------+---------+-------+---------
           D:1 |       0 |      10 |   0.0 |       0 |       7 |   0.0 |    91
               +---------+---------+-------+---------+---------+-------+---------
